[ AOE2 MATCH · #486128391 ]
UnrankedBurgundians vs Italians
[ REPLAY ANALYSIS · EXTRACTED FROM THE RECORDED GAME ]
Feudal
10:56
Castle
17:26
Imperial
—
| APM avg | 28.3 |
| APM peak | 51 |
| eAPM avg | 17.2 |
| Villagers / military | 83 / 69 |
Focus
⚔️ 27.4% · 🌾 72.6%
Scout Cavalry ×27 · Flemish Militia ×20 · Spearman ×9 · Battering Ram ×7 · Mangonel ×6
Feudal
11:29
Castle
15:25
Imperial
39:00
| APM avg | 37.4 |
| APM peak | 77 |
| eAPM avg | 23.1 |
| Villagers / military | 132 / 119 |
Focus
⚔️ 29.9% · 🌾 70.1%
Genoese Crossbowman ×83 · Hand Cannoneer ×17 · Bombard Cannon ×8 · Mangonel ×4 · Monk ×3 · Trebuchet (Packed) ×3
Feudal
10:57
Castle
14:29
Imperial
34:19
| APM avg | 90.6 |
| APM peak | 169 |
| eAPM avg | 57.5 |
| Villagers / military | 174 / 151 |
Focus
⚔️ 63.2% · 🌾 36.8%
Spearman ×85 · Hussite Wagon ×27 · Bombard Cannon ×19 · Mangonel ×18 · Battering Ram ×2
Feudal
10:34
Castle
14:14
Imperial
33:16
| APM avg | 28.5 |
| APM peak | 62 |
| eAPM avg | 19.2 |
| Villagers / military | 137 / 100 |
Focus
⚔️ 31.4% · 🌾 68.6%
Militia ×26 · Spearman ×25 · Bombard Cannon ×16 · Monk ×15 · Battering Ram ×13 · Mangonel ×3
Feudal
10:32
Castle
13:22
Imperial
26:53
| APM avg | 35.5 |
| APM peak | 78 |
| eAPM avg | 25.5 |
| Villagers / military | 241 / 127 |
Focus
⚔️ 27.5% · 🌾 72.5%
Ballista Elephant ×120 · Petard ×7
Feudal
9:41
Castle
12:30
Imperial
30:09
| APM avg | 32.9 |
| APM peak | 79 |
| eAPM avg | 20.2 |
| Villagers / military | 164 / 163 |
Focus
⚔️ 37.2% · 🌾 62.8%
Battle Elephant ×134 · Scorpion ×22 · Battering Ram ×5 · Monk ×1 · Mangonel ×1
Match map
Initial resources + every placement click. Lines = walls · curves = elevation contours. ◆ gold · ⬟ stone · ● berries · ✦ relic · ◌ wall gap
Your base· ✓ Closed at 17:26 · 7t walls · 4 gate(s)
eXitDenDoc's base· ✓ Closed at 15:25 · 0t walls · 3 gate(s)
VIT | Hera's base· ✓ Closed at 14:29 · 1t walls · 3 gate(s)
Muelle En Charquito's base· ✓ Closed at 14:14 · 3t walls · 3 gate(s)
Vpnenjoyer's base· ✓ Closed at 13:22 · 0t walls · 2 gate(s)
TdB.Fëanor's base· ✓ Closed at 12:30 · 6t walls · 3 gate(s)
Smoothed initial terrain · ◌ = detected wall gap · hover for details
Inputs per minute
— adrylaynez69 - - eXitDenDoc
Build order — adrylaynez69
First 150 of 290 actions detected
| 0:04 | Create | Villager (Male) |
| 0:04 | Create | Villager (Male) |
| 0:05 | Create | Villager (Male) |
| 0:05 | Create | Villager (Male) |
| 0:08 | Build | House |
| 0:11 | Build | House |
| 1:38 | Create | Villager (Male) |
| 2:14 | Create | Villager (Male) |
| 2:14 | Create | Villager (Male) |
| 2:34 | Create | Villager (Male) |
| 3:01 | Create | Villager (Male) |
| 3:03 | Create | Villager (Male) |
| 3:37 | Build | House |
| 3:49 | Create | Villager (Male) |
| 3:52 | Create | Villager (Male) |
| 4:02 | Build | Lumber Camp |
| 4:13 | Create | Villager (Male) |
| 5:01 | Create | Villager (Male) |
| 5:18 | Research | Double-Bit Axe |
| 5:31 | Create | Villager (Male) |
| 5:41 | Build | House |
| 6:06 | Create | Villager (Male) |
| 6:41 | Create | Villager (Male) |
| 6:41 | Create | Villager (Male) |
| 6:59 | Build | Mill |
| 7:09 | Build | Mill |
| 7:18 | Create | Villager (Male) |
| 7:35 | Create | Villager (Male) |
| 7:36 | Create | Villager (Male) |
| 7:48 | Build | House |
| 8:04 | Build | Mining Camp |
| 8:46 | Research | Feudal Age |
| 9:02 | Research | Horse Collar |
| 9:12 | Build | Farm |
| 9:18 | Build | Farm |
| 9:24 | Build | Farm |
| 9:30 | Build | Farm |
| 9:46 | Build | Farm |
| 9:49 | Create | Villager (Male) |
| 9:49 | Create | Villager (Male) |
| 10:06 | Research | Gold Mining |
| 10:41 | Create | Villager (Male) |
| 10:56 | Age | Feudal Age |
| 10:58 | Research | Bow Saw |
| 11:03 | Create | Villager (Male) |
| 11:05 | Research | Heavy Plow |
| 11:12 | Build | Farm |
| 11:18 | Create | Villager (Male) |
| 11:59 | Create | Villager (Male) |
| 12:07 | Build | House |
| 12:16 | Build | Market |
| 12:23 | Build | Farm |
| 12:31 | Build | Farm |
| 12:35 | Create | Villager (Male) |
| 12:47 | Create | Villager (Male) |
| 13:14 | Build | Blacksmith |
| 13:51 | Create | Villager (Male) |
| 13:57 | Research | Loom |
| 14:46 | Research | Castle Age |
| 16:01 | Build | Barracks |
| 16:08 | Build | House |
| 16:09 | Build | House |
| 16:23 | Build | Stone Wall |
| 16:31 | Build | Gate |
| 16:39 | Build | Stone Wall |
| 16:48 | Build | Stone Wall |
| 17:08 | Build | Stable |
| 17:26 | Age | Castle Age |
| 17:31 | Build | Mining Camp |
| 17:38 | Build | Siege Workshop |
| 17:40 | Create | Villager (Male) |
| 17:42 | Create | Villager (Male) |
| 17:54 | Create | Scout Cavalry |
| 17:55 | Create | Scout Cavalry |
| 17:57 | Create | Scout Cavalry |
| 18:05 | Create | Mangonel |
| 18:06 | Create | Mangonel |
| 18:20 | Research | Light Cavalry (upgrade) |
| 18:21 | Create | Scout Cavalry |
| 18:22 | Create | Scout Cavalry |
| 18:30 | Create | Villager (Male) |
| 18:35 | Create | Scout Cavalry |
| 19:44 | Create | Villager (Male) |
| 19:55 | Create | Villager (Male) |
| 19:56 | Create | Villager (Male) |
| 20:22 | Create | Scout Cavalry |
| 20:44 | Build | House |
| 20:45 | Build | House |
| 20:51 | Research | Wheelbarrow |
| 21:05 | Build | Town Center |
| 21:12 | Research | Scale Barding Armor |
| 21:25 | Build | House |
| 21:45 | Create | Villager (Male) |
| 21:46 | Create | Villager (Male) |
| 21:59 | Create | Villager (Male) |
| 22:05 | Build | Farm |
| 22:05 | Build | Farm |
| 22:05 | Build | Farm |
| 22:06 | Build | Farm |
| 22:06 | Build | Farm |
| 22:06 | Build | Farm |
| 22:16 | Build | House |
| 22:29 | Create | Villager (Male) |
| 23:09 | Create | Scout Cavalry |
| 23:09 | Create | Scout Cavalry |
| 23:15 | Build | Farm |
| 23:16 | Build | Farm |
| 23:16 | Build | Farm |
| 23:16 | Build | Farm |
| 23:17 | Build | Farm |
| 23:34 | Create | Villager (Male) |
| 23:34 | Create | Villager (Male) |
| 24:06 | Create | Mangonel |
| 24:23 | Create | Villager (Male) |
| 24:23 | Create | Villager (Male) |
| 24:24 | Create | Villager (Male) |
| 24:34 | Create | Scout Cavalry |
| 24:34 | Create | Scout Cavalry |
| 25:17 | Create | Villager (Male) |
| 25:21 | Build | Farm |
| 25:22 | Build | Farm |
| 25:22 | Build | Farm |
| 25:22 | Build | Farm |
| 25:23 | Build | Farm |
| 25:26 | Create | Scout Cavalry |
| 25:27 | Create | Scout Cavalry |
| 25:56 | Create | Mangonel |
| 26:09 | Create | Scout Cavalry |
| 26:11 | Create | Villager (Male) |
| 26:11 | Create | Villager (Male) |
| 26:46 | Create | Mangonel |
| 26:48 | Create | Scout Cavalry |
| 26:49 | Create | Scout Cavalry |
| 27:36 | Build | Market |
| 27:42 | Create | Scout Cavalry |
| 27:43 | Create | Scout Cavalry |
| 28:11 | Build | Town Center |
| 28:14 | Create | Scout Cavalry |
| 28:23 | Build | Siege Workshop |
| 28:30 | Build | House |
| 28:41 | Create | Villager (Male) |
| 28:57 | Create | Mangonel |
| 30:00 | Create | Villager (Male) |
| 30:01 | Create | Villager (Male) |
| 30:08 | Create | Villager (Male) |
| 30:32 | Create | Battering Ram |
| 30:34 | Create | Battering Ram |
| 30:35 | Create | Battering Ram |
| 30:37 | Create | Villager (Male) |
| 30:40 | Create | Scout Cavalry |
Build order — eXitDenDoc
First 150 of 405 actions detected
| 0:00 | Create | Villager (Male) |
| 0:01 | Create | Villager (Male) |
| 0:01 | Create | Villager (Male) |
| 0:02 | Build | House |
| 0:03 | Create | Villager (Male) |
| 0:04 | Build | House |
| 1:40 | Create | Villager (Male) |
| 2:01 | Create | Villager (Male) |
| 2:07 | Build | Lumber Camp |
| 2:26 | Create | Villager (Male) |
| 2:57 | Create | Villager (Male) |
| 2:57 | Create | Villager (Male) |
| 2:57 | Create | Villager (Male) |
| 2:57 | Create | Villager (Male) |
| 2:57 | Create | Villager (Male) |
| 2:57 | Create | Villager (Male) |
| 3:01 | Build | House |
| 3:19 | Create | Villager (Male) |
| 3:19 | Create | Villager (Male) |
| 3:19 | Research | Loom |
| 3:44 | Create | Villager (Male) |
| 3:44 | Create | Villager (Male) |
| 4:05 | Build | Mill |
| 4:13 | Create | Villager (Male) |
| 4:31 | Create | Villager (Male) |
| 4:31 | Create | Villager (Male) |
| 5:08 | Create | Villager (Male) |
| 5:22 | Create | Villager (Male) |
| 5:22 | Create | Villager (Male) |
| 5:25 | Create | Villager (Male) |
| 6:00 | Build | House |
| 6:07 | Create | Villager (Male) |
| 6:08 | Create | Villager (Male) |
| 6:28 | Build | Farm |
| 6:43 | Create | Villager (Male) |
| 6:54 | Build | Farm |
| 7:36 | Build | House |
| 7:40 | Create | Villager (Male) |
| 7:55 | Build | Mining Camp |
| 8:14 | Create | Villager (Male) |
| 8:19 | Create | Villager (Male) |
| 8:42 | Build | Mining Camp |
| 8:46 | Research | Feudal Age |
| 9:53 | Research | Loom |
| 10:43 | Build | House |
| 10:53 | Build | Mill |
| 11:20 | Create | Villager (Male) |
| 11:29 | Age | Feudal Age |
| 11:31 | Build | Market |
| 11:39 | Build | Blacksmith |
| 12:20 | Create | Villager (Male) |
| 12:33 | Research | Castle Age |
| 12:33 | Research | Castle Age |
| 12:35 | Research | Double-Bit Axe |
| 13:32 | Research | Horse Collar |
| 13:35 | Create | Villager (Male) |
| 13:35 | Create | Villager (Male) |
| 13:36 | Create | Villager (Male) |
| 14:48 | Create | Villager (Male) |
| 15:18 | Create | Villager (Male) |
| 15:25 | Age | Castle Age |
| 15:34 | Build | Castle |
| 15:37 | Build | Siege Workshop |
| 15:41 | Create | Villager (Male) |
| 15:44 | Build | Stone Wall |
| 16:10 | Create | Mangonel |
| 16:13 | Create | Villager (Male) |
| 16:15 | Build | Farm |
| 16:18 | Build | House |
| 16:23 | Build | Stone Wall |
| 16:26 | Build | Stone Wall |
| 16:28 | Research | Fletching |
| 16:44 | Build | Farm |
| 16:47 | Create | Genoese Crossbowman |
| 16:47 | Create | Genoese Crossbowman |
| 17:03 | Build | Stone Wall |
| 17:05 | Create | Genoese Crossbowman |
| 17:10 | Create | Villager (Male) |
| 17:44 | Build | Lumber Camp |
| 17:58 | Create | Genoese Crossbowman |
| 18:16 | Build | Stone Wall |
| 18:25 | Build | Farm |
| 18:30 | Create | Genoese Crossbowman |
| 18:41 | Build | Farm |
| 18:44 | Create | Genoese Crossbowman |
| 18:53 | Build | Farm |
| 18:57 | Build | Stone Wall |
| 19:07 | Research | Bodkin Arrow |
| 19:16 | Build | Farm |
| 19:17 | Create | Villager (Male) |
| 19:50 | Create | Genoese Crossbowman |
| 19:50 | Create | Genoese Crossbowman |
| 19:53 | Build | Farm |
| 20:07 | Create | Mangonel |
| 20:13 | Build | Stone Wall |
| 20:15 | Create | Villager (Male) |
| 20:44 | Build | Stone Wall |
| 20:46 | Build | Stone Wall |
| 20:49 | Build | Farm |
| 20:50 | Create | Villager (Male) |
| 21:03 | Create | Mangonel |
| 21:06 | Create | Villager (Male) |
| 21:07 | Create | Villager (Male) |
| 21:59 | Build | Castle |
| 22:07 | Create | Genoese Crossbowman |
| 22:07 | Create | Genoese Crossbowman |
| 22:25 | Create | Villager (Male) |
| 22:25 | Create | Villager (Male) |
| 22:27 | Create | Villager (Male) |
| 22:44 | Create | Villager (Male) |
| 23:07 | Create | Villager (Male) |
| 23:20 | Build | Lumber Camp |
| 23:22 | Create | Villager (Male) |
| 23:45 | Build | Farm |
| 23:51 | Build | Farm |
| 23:51 | Create | Villager (Male) |
| 23:52 | Create | Villager (Male) |
| 23:56 | Build | Farm |
| 24:11 | Create | Villager (Male) |
| 24:14 | Build | Farm |
| 24:24 | Build | Town Center |
| 24:41 | Build | Stone Wall |
| 24:52 | Create | Genoese Crossbowman |
| 24:54 | Create | Villager (Male) |
| 24:54 | Create | Villager (Male) |
| 24:58 | Build | Farm |
| 25:03 | Create | Genoese Crossbowman |
| 25:13 | Research | Bow Saw |
| 25:17 | Create | Villager (Male) |
| 26:12 | Build | Monastery |
| 26:21 | Create | Genoese Crossbowman |
| 26:21 | Create | Genoese Crossbowman |
| 26:23 | Create | Genoese Crossbowman |
| 26:24 | Create | Villager (Male) |
| 26:27 | Build | Farm |
| 26:47 | Create | Genoese Crossbowman |
| 26:48 | Create | Genoese Crossbowman |
| 27:09 | Create | Genoese Crossbowman |
| 27:10 | Create | Genoese Crossbowman |
| 27:13 | Build | Town Center |
| 27:23 | Create | Genoese Crossbowman |
| 27:24 | Create | Genoese Crossbowman |
| 27:30 | Build | Farm |
| 27:31 | Create | Villager (Male) |
| 27:33 | Create | Villager (Male) |
| 27:33 | Create | Villager (Male) |
| 27:36 | Create | Villager (Male) |
| 27:37 | Create | Villager (Male) |
| 27:38 | Create | Villager (Male) |
| 27:47 | Create | Villager (Male) |
Build order — VIT | Hera
First 150 of 519 actions detected
| 0:01 | Create | Villager (Male) |
| 0:01 | Create | Villager (Male) |
| 0:01 | Create | Villager (Male) |
| 0:02 | Build | House |
| 0:03 | Build | House |
| 0:07 | Create | Villager (Male) |
| 0:07 | Create | Villager (Male) |
| 0:07 | Create | Villager (Male) |
| 1:26 | Create | Villager (Male) |
| 1:26 | Create | Villager (Male) |
| 1:56 | Build | House |
| 1:57 | Build | Mill |
| 1:58 | Create | Villager (Male) |
| 2:00 | Build | Mill |
| 2:17 | Create | Villager (Male) |
| 2:17 | Create | Villager (Male) |
| 2:48 | Create | Villager (Male) |
| 2:48 | Create | Villager (Male) |
| 3:00 | Create | Villager (Male) |
| 3:34 | Create | Villager (Male) |
| 3:34 | Create | Villager (Male) |
| 3:57 | Create | Villager (Male) |
| 3:58 | Create | Villager (Male) |
| 4:12 | Create | Villager (Male) |
| 4:33 | Build | House |
| 4:42 | Create | Villager (Male) |
| 4:42 | Create | Villager (Male) |
| 5:23 | Create | Villager (Male) |
| 5:23 | Create | Villager (Male) |
| 5:25 | Build | Lumber Camp |
| 5:44 | Create | Villager (Male) |
| 6:12 | Create | Villager (Male) |
| 6:13 | Create | Villager (Male) |
| 6:29 | Create | Villager (Male) |
| 6:30 | Create | Villager (Male) |
| 7:10 | Build | Mill |
| 8:22 | Create | Villager (Male) |
| 8:35 | Build | House |
| 8:46 | Research | Feudal Age |
| 9:34 | Build | Farm |
| 9:37 | Build | Farm |
| 10:14 | Build | Farm |
| 10:28 | Create | Villager (Male) |
| 10:36 | Build | Mining Camp |
| 10:57 | Age | Feudal Age |
| 11:01 | Build | Market |
| 11:02 | Build | Blacksmith |
| 11:04 | Research | Double-Bit Axe |
| 11:04 | Research | Double-Bit Axe |
| 11:04 | Research | Double-Bit Axe |
| 11:23 | Create | Villager (Male) |
| 11:49 | Research | Castle Age |
| 11:50 | Research | Castle Age |
| 12:39 | Build | House |
| 12:40 | Build | House |
| 12:42 | Build | Palisade Wall |
| 12:59 | Create | Villager (Male) |
| 13:22 | Research | Loom |
| 14:27 | Create | Villager (Male) |
| 14:29 | Age | Castle Age |
| 14:32 | Research | Bow Saw |
| 14:32 | Research | Bow Saw |
| 14:57 | Build | Mining Camp |
| 15:01 | Build | Castle |
| 15:01 | Create | Villager (Male) |
| 15:16 | Build | Mining Camp |
| 15:18 | Build | Siege Workshop |
| 15:27 | Create | Villager (Male) |
| 15:27 | Create | Villager (Male) |
| 16:04 | Create | Villager (Male) |
| 16:08 | Create | Battering Ram |
| 16:08 | Create | Battering Ram |
| 16:16 | Create | Mangonel |
| 16:17 | Create | Villager (Male) |
| 16:36 | Create | Hussite Wagon |
| 16:37 | Create | Hussite Wagon |
| 16:37 | Create | Hussite Wagon |
| 16:50 | Create | Villager (Male) |
| 17:03 | Create | Hussite Wagon |
| 17:03 | Create | Hussite Wagon |
| 17:12 | Create | Hussite Wagon |
| 17:28 | Create | Villager (Male) |
| 17:31 | Create | Mangonel |
| 17:43 | Create | Hussite Wagon |
| 17:55 | Create | Hussite Wagon |
| 17:57 | Create | Hussite Wagon |
| 18:17 | Create | Mangonel |
| 18:21 | Build | Farm |
| 18:21 | Create | Villager (Male) |
| 18:21 | Create | Villager (Male) |
| 18:21 | Create | Villager (Male) |
| 18:49 | Create | Hussite Wagon |
| 19:36 | Create | Hussite Wagon |
| 19:41 | Create | Hussite Wagon |
| 19:44 | Create | Villager (Male) |
| 20:04 | Create | Villager (Male) |
| 20:16 | Create | Villager (Male) |
| 20:17 | Create | Hussite Wagon |
| 20:41 | Create | Hussite Wagon |
| 20:41 | Create | Hussite Wagon |
| 20:42 | Build | Farm |
| 20:43 | Build | Farm |
| 20:43 | Build | Farm |
| 20:43 | Build | Farm |
| 20:43 | Build | Farm |
| 20:45 | Build | Farm |
| 20:45 | Build | Farm |
| 20:51 | Create | Mangonel |
| 20:51 | Create | Mangonel |
| 20:51 | Create | Mangonel |
| 21:01 | Build | Town Center |
| 21:11 | Create | Villager (Male) |
| 21:11 | Create | Villager (Male) |
| 21:12 | Build | Farm |
| 21:12 | Build | Farm |
| 21:27 | Create | Hussite Wagon |
| 21:28 | Create | Mangonel |
| 21:32 | Create | Villager (Male) |
| 21:58 | Create | Villager (Male) |
| 22:03 | Create | Hussite Wagon |
| 22:03 | Create | Hussite Wagon |
| 22:24 | Create | Villager (Male) |
| 22:27 | Build | Farm |
| 22:27 | Build | Farm |
| 23:03 | Create | Villager (Male) |
| 23:04 | Create | Mangonel |
| 23:06 | Build | House |
| 23:09 | Create | Mangonel |
| 23:10 | Create | Villager (Male) |
| 23:12 | Build | Farm |
| 23:21 | Create | Villager (Male) |
| 23:26 | Create | Villager (Male) |
| 23:37 | Build | Town Center |
| 24:15 | Create | Hussite Wagon |
| 24:16 | Create | Hussite Wagon |
| 24:22 | Create | Villager (Male) |
| 24:23 | Build | House |
| 24:24 | Create | Villager (Male) |
| 24:27 | Create | Villager (Male) |
| 24:28 | Create | Hussite Wagon |
| 24:29 | Build | Farm |
| 24:46 | Build | Farm |
| 24:47 | Build | Farm |
| 24:47 | Build | Farm |
| 24:49 | Create | Villager (Male) |
| 24:55 | Create | Mangonel |
| 25:05 | Create | Villager (Male) |
| 25:16 | Build | House |
| 25:20 | Create | Hussite Wagon |
| 25:25 | Create | Villager (Male) |
Build order — Muelle En Charquito
First 150 of 388 actions detected
| 0:01 | Create | Villager (Male) |
| 0:01 | Create | Villager (Male) |
| 0:02 | Build | House |
| 0:04 | Build | House |
| 0:19 | Create | Villager (Male) |
| 0:19 | Create | Villager (Male) |
| 1:26 | Create | Villager (Male) |
| 2:03 | Create | Villager (Male) |
| 2:22 | Build | Lumber Camp |
| 2:30 | Create | Villager (Male) |
| 2:30 | Create | Villager (Male) |
| 3:09 | Create | Villager (Male) |
| 3:10 | Create | Villager (Male) |
| 3:54 | Build | House |
| 3:55 | Build | House |
| 4:08 | Create | Villager (Male) |
| 4:32 | Create | Villager (Male) |
| 4:34 | Create | Villager (Male) |
| 4:36 | Create | Villager (Male) |
| 4:37 | Create | Villager (Male) |
| 5:11 | Build | Mill |
| 5:24 | Create | Villager (Male) |
| 5:35 | Build | Mill |
| 5:47 | Create | Villager (Male) |
| 7:05 | Create | Villager (Male) |
| 7:24 | Build | House |
| 7:28 | Build | House |
| 7:32 | Build | Palisade Wall |
| 7:34 | Create | Villager (Male) |
| 7:35 | Build | Palisade Wall |
| 7:46 | Research | Loom |
| 7:50 | Build | House |
| 7:53 | Build | Palisade Wall |
| 7:57 | Build | House |
| 8:21 | Research | Feudal Age |
| 10:01 | Create | Villager (Male) |
| 10:02 | Create | Villager (Male) |
| 10:16 | Build | House |
| 10:34 | Age | Feudal Age |
| 10:36 | Build | Market |
| 10:39 | Build | Blacksmith |
| 11:34 | Research | Castle Age |
| 12:16 | Build | Mining Camp |
| 12:33 | Build | Farm |
| 13:04 | Build | House |
| 13:15 | Research | Gold Mining |
| 13:36 | Create | Villager (Male) |
| 14:14 | Age | Castle Age |
| 14:16 | Build | Monastery |
| 14:19 | Build | Siege Workshop |
| 14:41 | Create | Villager (Male) |
| 14:47 | Create | Villager (Male) |
| 15:03 | Build | Monastery |
| 15:06 | Build | Palisade Wall |
| 15:08 | Create | Villager (Male) |
| 15:22 | Create | Monk |
| 15:27 | Create | Battering Ram |
| 15:32 | Create | Villager (Male) |
| 15:46 | Research | Redemption |
| 15:50 | Build | House |
| 15:57 | Create | Villager (Male) |
| 16:04 | Create | Battering Ram |
| 16:10 | Create | Mangonel |
| 16:20 | Build | House |
| 16:23 | Create | Villager (Male) |
| 16:35 | Create | Monk |
| 16:49 | Build | House |
| 16:56 | Create | Scorpion |
| 16:59 | Create | Villager (Male) |
| 17:17 | Create | Monk |
| 17:32 | Create | Villager (Male) |
| 17:41 | Research | Sanctity |
| 17:44 | Create | Villager (Male) |
| 18:01 | Create | Scorpion |
| 18:31 | Create | Villager (Male) |
| 18:33 | Create | Mangonel |
| 18:52 | Create | Battering Ram |
| 19:01 | Create | Villager (Male) |
| 19:29 | Create | Villager (Male) |
| 19:43 | Create | Villager (Male) |
| 19:54 | Create | Monk |
| 19:55 | Create | Monk |
| 19:57 | Create | Battering Ram |
| 20:10 | Build | House |
| 20:13 | Build | Farm |
| 20:13 | Build | Farm |
| 20:13 | Build | Farm |
| 20:14 | Build | Farm |
| 20:24 | Create | Villager (Male) |
| 20:43 | Create | Monk |
| 20:50 | Build | House |
| 20:57 | Create | Villager (Male) |
| 21:05 | Build | Farm |
| 21:05 | Build | Farm |
| 21:05 | Build | Farm |
| 21:05 | Build | Farm |
| 21:05 | Build | Farm |
| 21:30 | Create | Villager (Male) |
| 21:36 | Create | Monk |
| 21:57 | Create | Villager (Male) |
| 22:01 | Create | Villager (Male) |
| 22:07 | Create | Villager (Male) |
| 22:18 | Create | Villager (Male) |
| 22:31 | Build | Town Center |
| 22:33 | Build | Town Center |
| 22:37 | Create | Monk |
| 22:37 | Create | Monk |
| 22:49 | Create | Villager (Male) |
| 23:30 | Create | Villager (Male) |
| 23:36 | Create | Battering Ram |
| 24:00 | Create | Villager (Male) |
| 24:00 | Create | Villager (Male) |
| 24:04 | Research | Wheelbarrow |
| 24:11 | Build | Farm |
| 24:11 | Build | Farm |
| 24:11 | Build | Farm |
| 24:11 | Build | Farm |
| 24:11 | Build | Farm |
| 24:11 | Build | Farm |
| 24:11 | Build | Farm |
| 24:12 | Build | Farm |
| 24:12 | Build | Farm |
| 24:18 | Build | House |
| 24:20 | Create | Villager (Male) |
| 24:28 | Create | Villager (Male) |
| 24:29 | Research | Town Watch |
| 24:37 | Build | Mining Camp |
| 24:54 | Create | Villager (Male) |
| 24:57 | Create | Mangonel |
| 25:01 | Create | Villager (Male) |
| 25:01 | Create | Villager (Male) |
| 25:14 | Create | Monk |
| 25:14 | Create | Monk |
| 25:16 | Create | Villager (Male) |
| 25:26 | Create | Villager (Male) |
| 25:37 | Create | Villager (Male) |
| 25:37 | Create | Villager (Male) |
| 25:47 | Create | Villager (Male) |
| 25:54 | Create | Villager (Male) |
| 26:04 | Create | Villager (Male) |
| 26:22 | Create | Villager (Male) |
| 26:40 | Create | Villager (Male) |
| 26:56 | Create | Monk |
| 26:56 | Create | Monk |
| 26:57 | Create | Villager (Male) |
| 26:58 | Create | Villager (Male) |
| 27:06 | Create | Villager (Male) |
| 27:21 | Create | Villager (Male) |
| 27:36 | Create | Villager (Male) |
| 27:36 | Create | Villager (Male) |
Build order — Vpnenjoyer
First 150 of 367 actions detected
| 0:01 | Create | Villager (Male) |
| 0:02 | Create | Villager (Male) |
| 0:03 | Build | House |
| 0:04 | Build | House |
| 0:07 | Create | Villager (Male) |
| 0:23 | Create | Villager (Male) |
| 1:27 | Build | Mill |
| 1:35 | Create | Villager (Male) |
| 2:07 | Create | Villager (Male) |
| 2:27 | Create | Villager (Male) |
| 2:50 | Create | Villager (Male) |
| 3:15 | Create | Villager (Male) |
| 3:26 | Build | House |
| 3:42 | Create | Villager (Male) |
| 4:00 | Create | Villager (Male) |
| 4:04 | Create | Villager (Male) |
| 4:32 | Build | Lumber Camp |
| 4:39 | Create | Villager (Male) |
| 4:57 | Create | Villager (Male) |
| 5:02 | Create | Villager (Male) |
| 5:21 | Create | Villager (Male) |
| 5:32 | Build | House |
| 6:28 | Create | Villager (Male) |
| 6:44 | Create | Villager (Male) |
| 7:12 | Create | Villager (Male) |
| 7:34 | Build | Mining Camp |
| 7:48 | Create | Villager (Male) |
| 7:49 | Research | Feudal Age |
| 8:06 | Build | Farm |
| 8:31 | Build | Farm |
| 9:02 | Build | Farm |
| 9:22 | Build | Farm |
| 9:47 | Build | Farm |
| 10:00 | Build | Farm |
| 10:21 | Build | Farm |
| 10:32 | Age | Feudal Age |
| 10:42 | Research | Castle Age |
| 10:42 | Research | Castle Age |
| 10:50 | Build | Mill |
| 11:20 | Build | House |
| 11:28 | Research | Double-Bit Axe |
| 11:28 | Research | Double-Bit Axe |
| 12:02 | Research | Horse Collar |
| 12:06 | Build | House |
| 13:14 | Create | Villager (Male) |
| 13:22 | Age | Castle Age |
| 13:23 | Build | Town Center |
| 13:29 | Create | Villager (Male) |
| 13:47 | Build | Town Center |
| 13:56 | Create | Villager (Male) |
| 14:22 | Research | Bow Saw |
| 14:22 | Research | Bow Saw |
| 14:27 | Create | Villager (Male) |
| 14:52 | Research | Heavy Plow |
| 14:53 | Research | Heavy Plow |
| 14:55 | Create | Villager (Male) |
| 15:03 | Create | Villager (Male) |
| 15:24 | Build | Farm |
| 15:25 | Build | Farm |
| 15:27 | Create | Villager (Male) |
| 15:34 | Research | Loom |
| 15:34 | Create | Villager (Male) |
| 15:34 | Create | Villager (Male) |
| 15:40 | Build | Farm |
| 15:46 | Build | Farm |
| 15:55 | Create | Villager (Male) |
| 15:55 | Create | Villager (Male) |
| 15:56 | Create | Villager (Male) |
| 15:56 | Create | Villager (Male) |
| 16:02 | Build | Farm |
| 16:03 | Build | Farm |
| 16:09 | Build | House |
| 16:10 | Build | House |
| 16:11 | Build | House |
| 16:13 | Create | Villager (Male) ×2 |
| 16:14 | Create | Villager (Male) ×2 |
| 16:23 | Create | Villager (Male) |
| 16:23 | Create | Villager (Male) |
| 16:23 | Create | Villager (Male) |
| 16:27 | Build | Farm |
| 16:30 | Build | Farm |
| 16:35 | Create | Villager (Male) |
| 16:35 | Create | Villager (Male) |
| 16:35 | Create | Villager (Male) |
| 16:40 | Build | Farm |
| 16:47 | Create | Villager (Male) |
| 16:48 | Create | Villager (Male) |
| 16:48 | Create | Villager (Male) |
| 16:49 | Create | Villager (Male) |
| 16:49 | Create | Villager (Male) |
| 16:54 | Build | Farm |
| 16:59 | Create | Villager (Male) |
| 16:59 | Create | Villager (Male) |
| 17:00 | Create | Villager (Male) |
| 17:04 | Build | Farm |
| 17:10 | Create | Villager (Male) ×2 |
| 17:11 | Create | Villager (Male) ×2 |
| 17:14 | Build | House |
| 17:15 | Build | House |
| 17:19 | Create | Villager (Male) |
| 17:19 | Create | Villager (Male) |
| 17:20 | Create | Villager (Male) |
| 17:27 | Build | Farm |
| 17:33 | Create | Villager (Male) ×2 |
| 17:33 | Create | Villager (Male) ×2 |
| 17:34 | Create | Villager (Male) ×2 |
| 17:42 | Build | Farm |
| 17:43 | Build | Farm |
| 17:48 | Build | Farm |
| 17:51 | Create | Villager (Male) ×3 |
| 18:00 | Create | Villager (Male) ×2 |
| 18:01 | Create | Villager (Male) ×2 |
| 18:06 | Build | Farm |
| 18:07 | Build | Farm |
| 18:28 | Create | Villager (Male) ×5 |
| 18:35 | Build | House |
| 18:35 | Build | House |
| 18:37 | Build | House |
| 18:43 | Build | Farm |
| 18:44 | Build | Farm |
| 18:49 | Research | Wheelbarrow |
| 18:49 | Research | Wheelbarrow |
| 19:07 | Create | Villager (Male) |
| 19:09 | Create | Villager (Male) ×3 |
| 19:41 | Create | Villager (Male) ×5 |
| 19:53 | Build | Town Center |
| 20:22 | Create | Villager (Male) ×5 |
| 20:22 | Create | Villager (Male) ×5 |
| 20:22 | Create | Villager (Male) ×4 |
| 20:30 | Build | House |
| 20:31 | Build | House |
| 20:33 | Create | Villager (Male) ×2 |
| 20:33 | Create | Villager (Male) ×2 |
| 20:33 | Create | Villager (Male) |
| 20:57 | Build | Farm |
| 20:57 | Build | Farm |
| 20:58 | Build | Farm |
| 21:09 | Build | House |
| 21:12 | Research | Town Watch |
| 21:12 | Research | Town Watch |
| 21:20 | Create | Villager (Male) |
| 21:42 | Research | Hand Cart |
| 21:44 | Create | Villager (Male) ×5 |
| 21:44 | Create | Villager (Male) ×5 |
| 21:53 | Build | Lumber Camp |
| 22:02 | Build | House |
| 22:04 | Build | House |
| 22:05 | Build | House |
| 22:14 | Build | Farm |
| 22:31 | Research | Gold Mining |
Build order — TdB.Fëanor
First 150 of 406 actions detected
| 0:00 | Create | Villager (Male) |
| 0:02 | Build | House |
| 0:02 | Build | House |
| 0:13 | Create | Villager (Male) |
| 0:13 | Create | Villager (Male) |
| 0:18 | Create | Villager (Male) |
| 1:25 | Create | Villager (Male) |
| 1:44 | Build | Lumber Camp |
| 2:06 | Create | Villager (Male) |
| 2:15 | Create | Villager (Male) |
| 2:44 | Create | Villager (Male) |
| 3:08 | Create | Villager (Male) |
| 3:34 | Build | Palisade Gate |
| 3:38 | Build | House |
| 3:39 | Build | Palisade Wall |
| 3:43 | Create | Villager (Male) |
| 3:44 | Create | Villager (Male) |
| 4:10 | Build | Palisade Wall |
| 4:11 | Create | Villager (Male) |
| 4:16 | Build | Palisade Wall |
| 4:19 | Build | Palisade Wall |
| 4:24 | Build | Palisade Wall |
| 4:26 | Build | Palisade Wall |
| 4:34 | Create | Villager (Male) |
| 5:10 | Create | Villager (Male) |
| 5:28 | Create | Villager (Male) |
| 5:44 | Build | Mill |
| 5:46 | Create | Villager (Male) |
| 6:08 | Create | Villager (Male) |
| 6:12 | Build | House |
| 6:35 | Create | Villager (Male) |
| 7:10 | Research | Feudal Age |
| 8:11 | Build | Mining Camp |
| 9:41 | Age | Feudal Age |
| 9:50 | Research | Castle Age |
| 9:51 | Research | Castle Age |
| 10:30 | Research | Double-Bit Axe |
| 11:51 | Create | Villager (Male) |
| 11:56 | Research | Horse Collar |
| 12:03 | Create | Villager (Male) |
| 12:03 | Create | Villager (Male) |
| 12:06 | Build | Farm |
| 12:08 | Build | Farm |
| 12:10 | Build | Farm |
| 12:12 | Build | Farm |
| 12:14 | Build | Farm |
| 12:23 | Build | Farm |
| 12:30 | Age | Castle Age |
| 12:32 | Research | Bow Saw |
| 12:51 | Build | Town Center |
| 13:13 | Create | Villager (Male) |
| 13:32 | Create | Villager (Male) |
| 13:51 | Build | House |
| 14:00 | Research | Heavy Plow |
| 14:07 | Create | Villager (Male) |
| 14:09 | Build | Farm |
| 14:12 | Build | Farm |
| 14:14 | Create | Villager (Male) |
| 14:14 | Create | Villager (Male) |
| 14:17 | Build | House |
| 14:20 | Create | Villager (Male) |
| 14:33 | Build | Stable |
| 14:42 | Research | Gold Mining |
| 14:42 | Research | Gold Mining |
| 14:53 | Build | Farm |
| 14:58 | Create | Villager (Male) |
| 15:03 | Build | Farm |
| 15:19 | Create | Villager (Male) |
| 15:25 | Create | Villager (Male) |
| 15:27 | Build | Farm |
| 15:39 | Build | House |
| 15:44 | Create | Villager (Male) |
| 15:47 | Build | Farm |
| 15:49 | Create | Villager (Male) |
| 15:51 | Build | Farm |
| 16:02 | Create | Villager (Male) |
| 16:12 | Build | Farm |
| 16:19 | Build | Farm |
| 16:21 | Create | Villager (Male) |
| 16:21 | Create | Villager (Male) |
| 16:33 | Create | Villager (Male) |
| 16:40 | Create | Villager (Male) |
| 16:43 | Build | Farm |
| 16:49 | Create | Villager (Male) |
| 16:52 | Build | Farm |
| 17:01 | Build | Farm |
| 17:05 | Create | Battle Elephant |
| 17:14 | Build | Farm |
| 17:16 | Create | Villager (Male) |
| 17:29 | Create | Villager (Male) |
| 17:35 | Create | Villager (Male) |
| 17:35 | Create | Villager (Male) |
| 17:41 | Build | Farm |
| 17:49 | Create | Battle Elephant |
| 17:53 | Build | House |
| 18:01 | Research | Wheelbarrow |
| 18:03 | Create | Villager (Male) |
| 18:14 | Build | Farm |
| 18:17 | Build | Farm |
| 18:20 | Build | House |
| 18:22 | Create | Battle Elephant |
| 18:36 | Create | Villager (Male) |
| 18:36 | Create | Villager (Male) |
| 18:42 | Research | Husbandry |
| 18:44 | Create | Villager (Male) |
| 18:52 | Build | Farm |
| 18:55 | Build | House |
| 19:00 | Create | Villager (Male) |
| 19:01 | Build | Blacksmith |
| 19:04 | Build | Farm |
| 19:31 | Research | Bloodlines |
| 19:33 | Create | Villager (Male) |
| 19:49 | Create | Villager (Male) |
| 19:58 | Create | Villager (Male) |
| 20:01 | Create | Villager (Male) |
| 20:01 | Create | Villager (Male) |
| 20:06 | Create | Villager (Male) |
| 20:06 | Create | Villager (Male) |
| 20:10 | Create | Villager (Male) |
| 20:12 | Build | House |
| 20:20 | Create | Villager (Male) |
| 20:21 | Create | Villager (Male) |
| 20:28 | Build | Stable |
| 20:28 | Build | Stable |
| 20:35 | Research | Loom |
| 20:37 | Create | Villager (Male) |
| 20:37 | Create | Villager (Male) |
| 20:43 | Create | Villager (Male) |
| 20:43 | Create | Villager (Male) |
| 20:54 | Create | Battle Elephant |
| 20:54 | Create | Battle Elephant |
| 20:55 | Create | Battle Elephant |
| 20:57 | Create | Villager (Male) |
| 20:57 | Create | Villager (Male) |
| 20:58 | Create | Villager (Male) |
| 21:00 | Build | Farm |
| 21:10 | Create | Villager (Male) |
| 21:10 | Create | Villager (Male) |
| 21:14 | Build | Farm |
| 21:31 | Build | Farm |
| 21:32 | Build | Farm |
| 21:32 | Build | Farm |
| 21:32 | Build | Farm |
| 21:33 | Build | Farm |
| 21:33 | Build | Farm |
| 21:33 | Build | Farm |
| 21:47 | Create | Battle Elephant |
| 21:49 | Research | Scale Barding Armor |
| 21:50 | Create | Villager (Male) |
| 21:50 | Create | Villager (Male) |
Match timeline
| 3:39 | TdB.Fëanor · wall_segment Palisade Wall x1 |
| 4:10 | TdB.Fëanor · wall_segment Palisade Wall x1 |
| 4:16 | TdB.Fëanor · wall_segment Palisade Wall x1 |
| 4:19 | TdB.Fëanor · wall_segment Palisade Wall x1 |
| 4:24 | TdB.Fëanor · wall_segment Palisade Wall x1 |
| 4:26 | TdB.Fëanor · wall_segment Palisade Wall x1 |
| 7:32 | Muelle En Charquito · wall_segment Palisade Wall x1 |
| 7:35 | Muelle En Charquito · wall_segment Palisade Wall x1 |
| 7:53 | Muelle En Charquito · wall_segment Palisade Wall x1 |
| 9:41 | TdB.Fëanor · age_up feudal |
| 10:32 | Vpnenjoyer · age_up feudal |
| 10:34 | Muelle En Charquito · age_up feudal |
| 10:56 | adrylaynez69 · age_up feudal |
| 10:57 | VIT | Hera · age_up feudal |
| 11:29 | eXitDenDoc · age_up feudal |
| 11:49 | VIT | Hera · first_market_sell 100 stone |
| 12:30 | TdB.Fëanor · age_up castle |
| 12:42 | VIT | Hera · wall_segment Palisade Wall x1 |
| 13:22 | Vpnenjoyer · age_up castle |
| 13:34 | adrylaynez69 · first_market_buy 100 food |
| 14:14 | Muelle En Charquito · age_up castle |
| 14:16 | Muelle En Charquito · first_building Monastery |
| 14:19 | Muelle En Charquito · first_building Siege Workshop |
| 14:29 | VIT | Hera · age_up castle |
| 14:33 | TdB.Fëanor · first_building Stable |
| 15:01 | VIT | Hera · first_building Castle |
| 15:06 | Muelle En Charquito · wall_segment Palisade Wall x1 |
| 15:18 | VIT | Hera · first_building Siege Workshop |
| 15:25 | eXitDenDoc · age_up castle |
| 15:27 | eXitDenDoc · first_market_buy 100 stone |
| 15:34 | eXitDenDoc · first_building Castle |
| 15:37 | eXitDenDoc · first_building Siege Workshop |
| 15:44 | eXitDenDoc · wall_segment Stone Wall x2 |
| 16:01 | adrylaynez69 · first_building Barracks |
| 16:09 | eXitDenDoc · first_market_sell 100 wood |
| 16:23 | eXitDenDoc · wall_segment Stone Wall x3 |
| 16:23 | adrylaynez69 · wall_segment Stone Wall x1 |
| 16:26 | eXitDenDoc · wall_segment Stone Wall x1 |
| 16:39 | adrylaynez69 · wall_segment Stone Wall x3 |
| 16:48 | adrylaynez69 · wall_segment Stone Wall x3 |
| 17:03 | eXitDenDoc · wall_segment Stone Wall x3 |
| 17:08 | adrylaynez69 · first_building Stable |
| 17:26 | adrylaynez69 · age_up castle |
| 17:38 | adrylaynez69 · first_building Siege Workshop |
| 18:16 | eXitDenDoc · wall_segment Stone Wall x6 |
| 18:30 | Muelle En Charquito · first_market_buy 100 food |
| 18:30 | Muelle En Charquito · first_market_sell 100 wood |
| 18:57 | eXitDenDoc · wall_segment Stone Wall x2 |
| 20:13 | eXitDenDoc · wall_segment Stone Wall x3 |
| 20:44 | eXitDenDoc · wall_segment Stone Wall x1 |
| 20:46 | eXitDenDoc · wall_segment Stone Wall x2 |
| 20:53 | VIT | Hera · first_market_buy 100 wood |
| 24:38 | Vpnenjoyer · first_market_buy 100 stone |
| 24:41 | eXitDenDoc · wall_segment Stone Wall x1 |
| 24:56 | Vpnenjoyer · first_building Castle |
| 25:26 | TdB.Fëanor · first_building Siege Workshop |
| 26:10 | Vpnenjoyer · first_building Stable |
| 26:12 | eXitDenDoc · first_building Monastery |
| 26:53 | Vpnenjoyer · age_up imperial |
| 30:09 | TdB.Fëanor · age_up imperial |
| 30:48 | TdB.Fëanor · first_market_sell 100 food |
| 31:27 | VIT | Hera · wall_segment Palisade Wall x1 |
| 31:34 | VIT | Hera · wall_segment Palisade Wall x1 |
| 31:35 | VIT | Hera · wall_segment Palisade Wall x1 |
| 31:37 | VIT | Hera · wall_segment Palisade Wall x1 |
| 31:45 | Muelle En Charquito · first_building Barracks |
| 32:02 | VIT | Hera · first_building Barracks |
| 33:02 | Vpnenjoyer · first_building Barracks |
| 33:16 | Muelle En Charquito · age_up imperial |
| 34:19 | VIT | Hera · age_up imperial |
| 36:11 | VIT | Hera · first_building Monastery |
| 36:48 | Muelle En Charquito · first_building Castle |
| 37:22 | eXitDenDoc · first_building Barracks |
| 37:58 | eXitDenDoc · first_building Archery Range |
| 38:19 | Vpnenjoyer · tribute_sent a jugador 1 |
| 38:19 | Vpnenjoyer · tribute_sent a jugador 2 |
| 38:19 | Vpnenjoyer · tribute_sent a jugador 3 |
| 38:19 | Vpnenjoyer · tribute_sent a jugador 4 |
| 38:19 | Vpnenjoyer · tribute_sent a jugador 6 |
| 38:25 | TdB.Fëanor · first_building Monastery |
| 38:26 | Vpnenjoyer · tribute_sent a jugador 1 |
| 38:26 | Vpnenjoyer · tribute_sent a jugador 2 |
| 38:26 | Vpnenjoyer · tribute_sent a jugador 3 |
| 38:26 | Vpnenjoyer · tribute_sent a jugador 4 |
| 38:26 | Vpnenjoyer · tribute_sent a jugador 6 |
| 39:00 | eXitDenDoc · age_up imperial |
| 39:05 | adrylaynez69 · first_market_sell 100 food |
| 40:56 | Vpnenjoyer · tribute_sent a jugador 1 |
| 40:56 | Vpnenjoyer · tribute_sent a jugador 2 |
| 40:56 | Vpnenjoyer · tribute_sent a jugador 3 |
| 40:56 | Vpnenjoyer · tribute_sent a jugador 4 |
| 40:56 | Vpnenjoyer · tribute_sent a jugador 6 |
| 41:59 | Vpnenjoyer · tribute_sent a jugador 1 |
| 41:59 | Vpnenjoyer · tribute_sent a jugador 2 |
| 41:59 | Vpnenjoyer · tribute_sent a jugador 3 |
| 41:59 | Vpnenjoyer · tribute_sent a jugador 4 |
| 41:59 | Vpnenjoyer · tribute_sent a jugador 6 |
| 44:15 | adrylaynez69 · resign |
[ AI ANALYSIS · 1 CREDIT ]
What really happened in this match?
Wolo.gg analyzes every decision: build order, eco, micro, common mistakes by bracket. Personalized analysis on WhatsApp or Discord in 30 seconds.
Civ guide
Burgundians
Perfil
Jugador #805416